Map: Glittering Ashes LE

Players

DPGDark (Dark) - Winner!

  • Race: Zerg Zerg

Creator

  • Race: Protoss Protoss

Event: TSL 8

VOD

Have the link to the VOD?

Description

Time

  • Played on: Nov. 27, 2021, 10:57 a.m.
  • Length: 21:20

All games in this series

Show
View Real Time Build Order
Export as new Build Order

DPGDark Zerg - Winner!

Build Orders: Hatch First, Brood Lord Corruptor 

Get SALT Encoding   

  12  0:00  Drone  
  13  0:11  Overlord  
  13  0:16  Drone  
  14  0:29  Drone  
  14  0:30  Drone  
  16  0:38  Drone  
  17  0:49  Drone  
  18  0:54  Hatchery  
  17  0:58  Drone  
  17  1:04  Extractor  
  17  1:12  Spawning Pool  
  17  1:15  Drone  
  17  1:18  Drone  
  18  1:28  Drone  
  19  1:37  Drone  
  20  1:51  Drone  
  21  2:04  Metabolic Boost  
  21  2:05  Queen  
  21  2:06  Zergling x2, Queen  
  21  2:07  Zergling x2  
  27  2:12  Overlord  
  27  2:16  Drone  
  28  2:31  Drone x3  
  31  2:40  Hatchery  
  31  2:42  Drone  
  31  2:48  Queen  
  32  2:54  Overlord  
  32  2:55  Zergling x2  
  32  2:57  Zergling x2  
  34  2:59  Drone  
  35  3:10  Drone  
  36  3:13  Drone  
  36  3:14  Drone  
  36  3:15  Drone x2  
  36  3:16  Drone  
  41  3:22  Drone  
  41  3:23  Queen  
  44  3:31  Overlord  
  44  3:34  Overlord  
  44  3:38  Spore Crawler  
  44  3:39  Drone  
  44  3:50  Drone x3, Spore Crawler  
  44  3:51  Drone  
  44  3:52  Queen  
  44  3:54  Drone x2  
  51  3:57  Drone  
  51  3:58  Drone  
  50  4:04  Drone x4  
  50  4:06  Drone  
  53  4:16  Evolution Chamber  
  52  4:18  Drone x2  
  52  4:22  Zergling x6  
  55  4:26  Drone  
  55  4:29  Drone x2  
  57  4:31  Extractor  
  57  4:35  Overlord  
  56  4:40  Overlord  
  56  4:41  Drone x2  
  56  4:45  Overlord  
  58  4:48  Zerg Melee Weapons Level 1  
  58  4:53  Drone x3  
  58  4:54  Drone  
  58  4:55  Baneling Nest  
  58  4:57  Drone  
  62  5:01  Zergling x2  
  62  5:03  Drone x2  
  61  5:08  Drone x5  
  61  5:10  Drone  
  61  5:12  Drone  
  68  5:21  Zergling x2  
  68  5:22  Zergling x4  
  68  5:23  Drone x2  
  68  5:27  Drone, Spore Crawler  
  73  5:32  Lair  
  73  5:35  Roach Warren  
  72  5:36  Zergling x4  
  72  5:37  Drone x3  
  72  5:41  Drone x2  
  79  5:47  Hatchery  
  78  5:53  Queen  
  78  5:54  Drone x2  
  78  5:55  Overlord  
  78  5:56  Baneling x3, Extractor  
  81  5:58  Extractor  
  81  6:01  Overlord  
  78  6:09  Drone  
  78  6:10  Drone x6  
  78  6:13  Drone x3  
  77  6:20  Drone  
  77  6:31  Roach x3, Extractor  
  77  6:32  Roach x5  
  92  6:38  Glial Reconstitution  
  92  6:39  Drone x2, Overlord  
  95  6:40  Drone  
  95  6:41  Drone, Extractor  
  95  6:48  Zerg Melee Weapons Level 2  
  95  6:57  Drone x2, Roach x3  
  95  7:00  Roach  
  105  7:02  Roach  
  105  7:06  Overlord  
  105  7:08  Drone x3  
  109  7:10  Drone  
  109  7:11  Drone  
  109  7:15  Overlord  
  111  7:19  Overlord x2  
  111  7:22  Overlord  
  111  7:27  Drone  
  111  7:28  Drone x3  
  111  7:31  Drone  
  111  7:32  Drone x3  
  111  7:35  Drone x2  
  111  7:36  Drone  
  114  7:40  Drone x2  
  114  7:42  Baneling x2  
  114  7:43  Baneling x3  
  116  7:45  Spore Crawler  
  116  7:47  Drone x2  
  116  7:48  Drone  
  116  7:52  Infestation Pit  
  116  7:54  Evolution Chamber, Centrifugal Hooks  
  116  7:56  Drone  
  115  7:59  Roach  
  115  8:00  Roach  
  123  8:05  Roach x2  
  123  8:06  Roach  
  123  8:10  Zergling x10  
  123  8:12  Baneling x2  
  130  8:13  Ravager x4  
  130  8:16  Pneumatized Carapace  
  134  8:24  Drone x5  
  137  8:29  Zergling x12  
  143  8:35  Hive  
  143  8:42  Zerg Missile Weapons Level 1  
  143  8:44  Spire  
  143  8:46  Drone x3  
  143  8:47  Drone x2, Overlord x2  
  147  8:49  Extractor  
  147  8:50  Extractor  
  147  8:51  Baneling x6  
  147  8:52  Baneling x2  
  147  8:55  Ravager x3  
  148  8:58  Zergling x8  
  152  9:06  Overlord x2  
  152  9:09  Overlord x3  
  152  9:12  Drone x3  
  152  9:14  Drone x2  
  152  9:15  Drone  
  156  9:18  Zerg Ground Armor Level 1  
  156  9:20  Drone x2  
  156  9:22  Drone  
  159  9:28  Roach  
  159  9:29  Roach  
  159  9:30  Zergling x16  
  167  9:36  Overseer  
  166  9:39  Zergling x16  
  166  9:42  Roach x2  
  166  9:45  Baneling x2  
  178  9:46  Ravager x7  
  178  9:47  Ravager  
  178  9:49  Zergling x4  
  178  9:50  Baneling  
  178  9:51  Baneling x5  
  178  9:52  Zergling x2  
  187  9:59  Zergling x2  
  192  10:00  Zergling x14  
  192  10:02  Greater Spire  
  192  10:05  Adrenal Glands  
  195  10:10  Zergling x6  
  198  10:23  Overseer  
  198  10:24  Nydus Network  
  197  10:32  Corruptor  
  197  10:33  Corruptor  
  197  10:35  Overlord x3  
  199  10:49  Hatchery, Overlord x2  
  198  10:51  Spore Crawler, Overlord x3  
  198  10:52  Spore Crawler x2  
  198  10:56  Overlord  
  198  10:57  Overlord  
  194  10:58  Overlord x2  
  188  11:06  Corruptor x5  
  195  11:15  Overlord x2  
  192  11:30  Zergling x10  
  194  11:32  Zerg Flyer Weapons Level 1  
  194  11:34  Brood Lord x2  
  192  11:45  Spore Crawler  
  192  11:46  Brood Lord x5, Spore Crawler  
  200  11:54  Hatchery  
  199  11:58  Drone  
  194  12:03  Viper  
  194  12:04  Viper  
  194  12:08  Drone x3  
  198  12:09  Drone  
  199  12:27  Spore Crawler x2  
  199  12:29  Drone x2  
  199  12:31  Baneling x9  
  199  12:32  Baneling  
  197  12:58  Corruptor x5  
  187  13:11  Corruptor x3  
  187  13:12  Corruptor x2  
  188  13:15  Corruptor  
  188  13:16  Zergling x2  
  188  13:17  Zergling x22  
  163  13:22  Corruptor  
  163  13:24  Zergling x12  
  163  13:25  Zergling x12  
  163  13:26  Zergling x10  
  163  13:27  Zergling x14  
  173  13:30  Zergling x4  
  173  13:32  Zergling x4  
  173  13:34  Zergling x2  
  169  13:42  Zergling x14  
  169  13:43  Zergling x2  
  169  13:44  Zergling x4  
  169  13:45  Zergling x2  
  166  13:53  Zergling x14  
  159  14:06  Zergling x2  
  159  14:07  Zergling x10  
  159  14:08  Corruptor x3  
  152  14:16  Corruptor x2  
  152  14:17  Corruptor x2  
  145  14:25  Roach  
  138  14:41  Overlord  
  138  14:42  Overlord  
  126  14:56  Spawning Pool  
  112  15:28  Hatchery, Overlord  
  103  15:29  Overlord x2  
  98  15:42  Zergling x2  
  98  15:43  Zergling x8, Queen, Hatchery  
  98  15:45  Lair  
  103  15:51  Hatchery, Zergling x2  
  103  15:54  Zergling x4  
  105  15:57  Hatchery  
  105  15:58  Zergling x2  
  105  16:07  Zergling x6  
  105  16:09  Zergling x2  
  105  16:22  Zergling x2  
  105  16:23  Zergling x8  
  99  16:44  Drone x3  
  99  16:46  Drone x2  
  101  16:48  Infestation Pit  
  95  17:03  Drone x2  
  95  17:04  Spawning Pool  
  95  17:05  Hatchery  
  95  17:09  Drone  
  96  17:47  Overlord x2  
  96  17:48  Overlord  
  96  17:58  Hatchery  
  95  18:06  Zergling x12  
  95  18:07  Lair  
  101  18:14  Queen  
  101  18:17  Zergling x2  
  101  18:19  Zergling x2  
  105  18:21  Zergling x2  
  106  18:27  Zergling x4  
  106  18:32  Zergling x4  
  109  18:36  Zergling x2  
  109  18:39  Zergling x2  
  110  18:42  Zergling x2  
  110  18:51  Zergling x4  
  112  19:02  Overlord  
  112  19:11  Infestation Pit  
  112  19:12  Zergling x4  
  113  19:32  Overlord  
  113  19:33  Overlord  
  113  19:47  Hatchery  
  113  19:50  Infestor  
  113  19:52  Infestor  
  102  20:17  Overlord  
  102  20:19  Spawning Pool  
  95  20:51  Extractor  
  94  21:00  Hatchery  
  94  21:02  Extractor  
  92  21:11  Extractor  
  92  21:15  Extractor  
Show
View Real Time Build Order
Export as new Build Order

Creator Protoss 

Build Orders: 1 Gate Expand, Oracle Opening, Archon Immortal, Carriers 

Get SALT Encoding   

  12  0:00  Probe  
  13  0:13  Pylon  
  13  0:17  Probe (Chrono Boost)  
  14  0:26  Probe (Chrono Boost)  
  15  0:32  Probe (Chrono Boost)  
  16  0:40  Gateway  
  16  0:44  Probe  
  16  0:47  Assimilator  
  17  0:56  Probe  
  18  1:08  Probe  
  19  1:20  Probe  
  20  1:25  Nexus  
  20  1:34  Cybernetics Core  
  20  1:38  Probe  
  21  1:44  Assimilator  
  21  1:50  Probe  
  21  1:54  Pylon  
  22  2:02  Probe  
  23  2:09  Adept (Chrono Boost)  
  23  2:14  Probe  
  26  2:19  Stargate  
  26  2:26  Probe, Warp Gate  
  27  2:32  Adept  
  29  2:39  Probe (Chrono Boost)  
  29  2:40  Probe (Chrono Boost)  
  31  2:49  Probe x2 (Chrono Boost)  
  33  2:54  Probe x2 (Chrono Boost)  
  35  3:00  Oracle (Chrono Boost)  
  38  3:05  Probe  
  38  3:06  Adept, Probe  
  38  3:12  Pylon  
  42  3:18  Probe x2  
  44  3:24  Void Ray (Chrono Boost)  
  44  3:25  Gateway  
  44  3:30  Probe x2  
  50  3:42  Probe  
  50  3:43  Probe  
  50  3:44  Pylon  
  50  3:45  Assimilator  
  52  3:49  Assimilator  
  52  3:57  Probe x2  
  54  4:09  Probe x2  
  55  4:16  Adept  
  57  4:19  Adept, Nexus  
  57  4:21  Probe  
  57  4:23  Void Ray (Chrono Boost)  
  57  4:24  Probe  
  61  4:26  Pylon  
  61  4:29  Pylon  
  61  4:36  Robotics Facility  
  61  4:40  Twilight Council  
  61  4:42  Probe  
  61  4:44  Probe  
  63  4:48  Adept  
  63  4:49  Adept  
  67  4:56  Probe x2  
  69  5:01  Oracle (Chrono Boost)  
  69  5:06  Pylon  
  72  5:09  Adept x2  
  72  5:13  Probe  
  77  5:14  Probe  
  77  5:15  Charge (Chrono Boost)  
  77  5:18  Pylon  
  78  5:25  Probe  
  78  5:26  Probe  
  80  5:28  Gateway  
  80  5:29  Gateway  
  80  5:31  Probe  
  81  5:41  Templar Archives  
  81  5:45  Warp Prism  
  83  5:56  Probe x3  
  86  5:59  Gateway  
  86  6:00  Gateway  
  80  6:18  Probe x3  
  80  6:20  Adept, Stalker  
  80  6:22  Gateway  
  80  6:23  Gateway  
  80  6:24  Shield Battery  
  86  6:26  Pylon  
  86  6:30  Probe x2  
  86  6:31  Probe  
  89  6:33  Forge  
  89  6:35  Pylon  
  89  6:36  Assimilator x2, Pylon  
  89  6:37  High Templar x2  
  93  6:47  Probe x3  
  93  6:49  High Templar x2  
  93  6:50  Archon  
  93  6:53  Immortal (Chrono Boost)  
  100  6:59  Probe x3, Protoss Ground Weapons Level 1 (Chrono Boost), Pylon  
  107  7:01  Pylon  
  107  7:05  Pylon  
  107  7:07  Forge  
  107  7:09  Robotics Facility  
  107  7:10  Archon  
  107  7:11  Zealot  
  107  7:12  Zealot  
  111  7:35  Immortal (Chrono Boost)  
  115  7:38  Protoss Ground Armor Level 1 (Chrono Boost)  
  115  7:40  Nexus  
  115  7:42  High Templar  
  115  7:43  High Templar  
  119  7:46  Pylon  
  119  7:50  Probe x3  
  126  8:00  Immortal (Chrono Boost)  
  126  8:02  Probe x3  
  126  8:03  Photon Cannon  
  126  8:04  High Templar  
  126  8:05  Zealot x2, High Templar  
  137  8:06  Photon Cannon, Archon  
  137  8:08  Pylon  
  137  8:10  Photon Cannon  
  137  8:12  Archon  
  141  8:22  Immortal (Chrono Boost)  
  138  8:32  Gateway  
  138  8:34  Zealot x2, High Templar x2  
  138  8:36  Immortal (Chrono Boost)  
  138  8:38  Archon  
  138  8:40  Gateway  
  150  8:44  Protoss Ground Weapons Level 2 (Chrono Boost)  
  150  8:59  Immortal (Chrono Boost)  
  150  9:01  Zealot x2, Pylon  
  150  9:02  Shield Battery  
  158  9:03  Probe x4  
  158  9:06  Assimilator  
  158  9:08  Immortal (Chrono Boost), Assimilator  
  164  9:23  High Templar x2  
  166  9:27  Archon, Pylon  
  163  9:32  Fleet Beacon  
  163  9:33  Stargate  
  163  9:42  Zealot  
  163  9:44  Stargate  
  165  9:47  Sentry  
  165  9:50  Immortal (Chrono Boost)  
  171  9:54  Observer (Chrono Boost)  
  171  9:57  Protoss Air Weapons Level 1 (Chrono Boost)  
  172  10:01  Protoss Ground Armor Level 2  
  172  10:10  Photon Cannon, Nexus  
  172  10:12  Photon Cannon  
  172  10:13  Photon Cannon, Shield Battery  
  172  10:14  Photon Cannon, Carrier (Chrono Boost), Pylon  
  180  10:29  Probe x4  
  172  10:36  Carrier (Chrono Boost)  
  172  10:37  Carrier (Chrono Boost)  
  172  10:41  Probe  
  179  10:48  Probe x3  
  182  10:50  Stalker x2  
  182  10:53  Probe  
  182  11:01  Stalker  
  182  11:04  Probe x3  
  185  11:05  Probe  
  186  11:16  Carrier (Chrono Boost), Probe x3  
  186  11:17  Probe  
  188  11:32  Carrier (Chrono Boost)  
  194  11:34  Zealot  
  194  11:47  Warp Prism, Carrier (Chrono Boost)  
  194  11:52  Photon Cannon  
  194  11:53  Pylon  
  196  12:05  Photon Cannon  
  194  12:13  High Templar x2  
  196  12:16  Pylon, High Templar x2  
  196  12:17  Nexus  
  196  12:18  Archon  
  196  12:20  Archon  
  200  12:27  Photon Cannon, Nexus  
  199  12:38  Protoss Shields Level 1 (Chrono Boost)  
  198  12:46  Stalker  
  200  12:57  Stalker  
  194  13:11  Stalker x2  
  194  13:12  Stalker x6  
  158  13:22  Immortal  
  158  13:23  Immortal  
  157  13:28  Zealot x2  
  164  13:43  Pylon  
  160  13:52  Photon Cannon, Pylon  
  160  14:02  Zealot x3  
  158  14:03  High Templar x2  
  158  14:05  Zealot  
  158  14:07  Photon Cannon, Archon  
  164  14:14  Probe  
  164  14:16  High Templar x2  
  152  14:21  Archon  
  152  14:24  Zealot x2, Pylon  
  132  14:56  Nexus  
  85  19:48  Nexus  
  83  20:18  Assimilator  
Tags
 
Add a new tag
Caveats
  • Supply blocks, unpowered buildings, or Contaminate may cause inaccurate times.
  • Supply counts are checked every 10 seconds.